Map: Polka LE

Players

qqq - Winner!

  • Race: Zerg Zerg
  • Spawn Location: 11:00

Massa - Winner!

  • Race: Terran Terran
  • League: Platinum
  • Spawn Location: 11:00

bugz

  • Race: Zerg Zerg
  • Spawn Location: 5:00

KROKO

  • Race: Zerg Zerg
  • League: Diamond
  • Spawn Location: 5:00

VOD

Have the link to the VOD?

Description

Time

  • Played on: Feb. 3, 2021, 3 p.m.
  • Length: 9:08
Show
View Real Time Build Order
Export as new Build Order

qqq Zerg - Winner!

Build Orders: Hatch First 

Get SALT Encoding   

  12  0:00  Drone  
  13  0:12  Drone  
  14  0:20  Overlord  
  14  0:48  Hatchery  
  13  0:53  Drone  
  13  0:54  Drone  
  15  0:58  Drone  
  16  1:07  Extractor  
  15  1:22  Drone, Spawning Pool  
  15  1:27  Drone  
  15  1:29  Drone  
  17  1:40  Drone  
  18  1:49  Drone  
  19  1:58  Drone  
  19  2:00  Drone  
  21  2:09  Overlord  
  21  2:12  Drone  
  21  2:13  Lair  
  22  2:23  Queen  
  24  2:31  Roach Warren  
  24  2:33  Drone  
  24  2:35  Drone  
  25  2:45  Drone  
  25  2:46  Drone  
  25  2:47  Drone  
  25  2:49  Drone  
  29  2:51  Extractor  
  29  2:53  Drone  
  29  2:54  Extractor  
  28  2:58  Drone  
  28  3:05  Drone  
  30  3:09  Extractor  
  30  3:11  Drone  
  31  3:19  Glial Reconstitution  
  31  3:21  Queen  
  31  3:23  Roach  
  31  3:24  Drone  
  36  3:28  Overlord  
  36  3:32  Evolution Chamber  
  36  3:33  Drone  
  36  3:38  Overlord  
  36  3:44  Hydralisk Den  
  36  3:45  Drone  
  36  3:48  Roach  
  38  3:52  Roach  
  38  3:55  Roach  
  42  3:59  Roach  
  44  4:03  Roach  
  44  4:06  Roach  
  44  4:08  Roach  
  50  4:17  Roach  
  50  4:20  Overlord  
  52  4:46  Zerg Ground Armor Level 1  
  52  4:47  Roach x3  
  58  4:53  Drone x2  
  58  4:57  Extractor x2  
  58  5:00  Overlord x2  
  58  5:20  Roach x2  
  58  5:21  Roach x5  
  68  5:48  Roach x3  
  68  5:49  Roach x2  
  76  5:50  Roach  
  70  6:06  Roach  
  70  6:07  Roach x2  
  76  6:29  Hatchery  
  73  6:36  Roach x2  
  73  6:37  Roach  
  73  6:40  Overlord x3  
  73  6:41  Spire  
  68  6:47  Roach x3  
  68  6:51  Drone x2  
  68  6:53  Overlord  
  76  6:57  Overlord  
  74  7:25  Roach x3  
  74  7:26  Roach x2  
  74  7:27  Drone, Roach x3  
  81  7:38  Roach  
  81  7:39  Roach x2  
  85  7:52  Queen  
  85  7:54  Drone  
  76  8:11  Roach x3  
  76  8:12  Roach x2  
  86  8:13  Drone  
  79  8:41  Roach x2  
  79  8:42  Roach x2  
  79  8:43  Roach x4  
Show
View Real Time Build Order
Export as new Build Order

Massa Terran - Winner!

Build Orders: 2 Factory, Hellion Opening 

Get SALT Encoding   

  12  0:00  SCV  
  13  0:13  SCV  
  14  0:18  Supply Depot  
  14  0:25  SCV  
  15  0:31  Refinery  
  15  0:40  SCV  
  16  0:45  Barracks  
  16  0:52  SCV  
  17  1:04  SCV  
  18  1:16  Refinery, SCV  
  19  1:34  Orbital Command, Supply Depot  
  19  1:38  Factory  
  19  1:39  Marine  
  20  2:00  SCV  
  21  2:11  Barracks Tech Lab  
  21  2:12  SCV  
  22  2:23  Supply Depot  
  22  2:25  Factory  
  22  2:34  SCV  
  23  2:37  Armory  
  23  2:39  Hellion  
  23  2:40  Barracks Reactor  
  25  2:50  SCV  
  26  2:55  Supply Depot  
  26  3:01  Hellion  
  28  3:08  SCV  
  29  3:23  Hellion x2  
  29  3:25  Hellion  
  35  3:44  Hellion x2  
  35  3:46  Hellion  
  41  3:51  Command Center  
  41  4:01  Supply Depot  
  41  4:06  Hellion  
  41  4:09  Hellion  
  45  4:12  Hellion  
  45  4:16  Barracks Tech Lab  
  47  4:45  SCV  
  48  4:52  Engineering Bay  
  48  4:56  Starport  
  48  4:58  SCV  
  49  5:00  Barracks  
  49  5:08  Widow Mine x2  
  49  5:09  Widow Mine  
  49  5:10  SCV  
  56  5:30  Widow Mine  
  48  5:58  Widow Mine x3  
  44  6:13  Marine  
  44  6:14  Orbital Command  
  44  6:15  SCV  
  44  6:19  Widow Mine x3  
  44  6:20  Medivac  
  44  6:21  Barracks Reactor  
  44  6:25  Terran Infantry Weapons Level 1  
  52  6:27  SCV  
  52  6:31  Marine  
  54  6:33  Supply Depot  
  54  6:34  Missile Turret  
  54  6:39  SCV  
  55  6:40  Siege Tank  
  55  6:41  Widow Mine  
  55  6:45  Drilling Claws  
  60  6:48  Marine  
  60  6:52  SCV  
  62  6:56  Supply Depot  
  62  6:57  Barracks, Stimpack  
  62  7:02  Widow Mine  
  62  7:03  Widow Mine  
  62  7:07  Marauder  
  66  7:19  Marine x2  
  68  7:28  Marine  
  69  7:31  Widow Mine x3  
  69  7:35  SCV x2  
  69  7:37  Marine x2  
  76  7:46  Marauder  
  78  7:52  Widow Mine x2  
  78  7:53  Widow Mine  
  78  7:54  Marine  
  78  7:57  Marine x2  
  82  8:07  Marauder  
  84  8:13  Marine  
  84  8:15  Marine  
  86  8:25  Supply Depot  
  86  8:28  Supply Depot  
  86  8:35  Marine x2  
  86  8:37  Marine  
  86  8:39  Marauder  
  75  8:49  Supply Depot  
  75  8:52  Supply Depot  
  75  8:53  Starport Reactor  
  75  8:55  SCV x2  
Show
View Real Time Build Order
Export as new Build Order

bugz Zerg 

Build Orders: Hatch First 

Get SALT Encoding   

  12  0:00  Drone  
  13  0:14  Overlord  
  13  0:16  Drone  
  14  0:33  Drone x2  
  16  0:50  Hatchery  
  16  0:52  Drone  
  16  0:55  Drone  
  17  1:06  Extractor  
  16  1:12  Spawning Pool  
  16  1:14  Drone  
  16  1:19  Drone  
  16  1:21  Drone  
  18  1:30  Drone  
  19  1:41  Drone  
  20  1:51  Overlord  
  20  1:59  Queen  
  22  2:03  Drone, Queen  
  22  2:07  Drone  
  26  2:09  Metabolic Boost  
  26  2:15  Zergling x2  
  27  2:16  Zergling x2  
  28  2:24  Drone x2  
  30  2:34  Overlord  
  30  2:39  Baneling Nest  
  30  2:43  Drone  
  30  2:47  Drone x2  
  30  2:50  Queen  
  34  2:56  Overlord  
  34  3:02  Drone  
  36  3:12  Zergling x2  
  36  3:13  Zergling x8  
  36  3:17  Drone x2  
  42  3:33  Queen  
  44  3:40  Lair  
  44  3:47  Hatchery  
  43  3:50  Extractor, Roach Warren  
  41  3:59  Drone x2  
  41  4:00  Drone x3  
  46  4:14  Drone x3  
  46  4:15  Drone x3  
  46  4:16  Overlord  
  51  4:42  Roach x5  
  51  4:43  Roach x2  
  59  4:58  Overlord x2  
  59  4:59  Glial Reconstitution  
  59  5:05  Roach x3  
  63  5:15  Roach  
  63  5:24  Roach x5  
  63  5:41  Roach  
  63  5:42  Roach x3  
  65  5:47  Queen  
  65  5:49  Roach x2  
  67  6:01  Roach x2  
  66  6:14  Drone x4  
  66  6:15  Drone x3  
  71  6:27  Drone x4  
  63  6:48  Roach  
  63  6:49  Roach x9  
  63  6:52  Overlord  
  81  7:09  Extractor  
  81  7:10  Extractor  
  81  7:14  Overseer x2  
  61  7:26  Roach  
  61  7:27  Roach x4  
  71  7:37  Roach x2  
  67  7:49  Roach  
  67  7:50  Roach x2  
  64  8:04  Roach x3  
  54  8:18  Overseer  
  52  8:33  Roach x6  
  52  8:34  Roach x2  
  68  8:39  Roach  
  68  8:40  Roach x2  
  72  8:45  Roach  
Show
View Real Time Build Order
Export as new Build Order

KROKO Zerg 

Build Orders: Hatch First 

Get SALT Encoding   

  12  0:01  Drone  
  13  0:12  Overlord  
  13  0:16  Drone  
  14  0:31  Drone  
  14  0:32  Drone  
  16  0:37  Drone  
  17  0:53  Hatchery  
  17  0:56  Drone  
  17  1:00  Drone  
  18  1:17  Extractor, Spawning Pool  
  16  1:19  Drone  
  16  1:20  Drone  
  18  1:28  Drone  
  19  1:48  Overlord  
  19  2:01  Drone  
  20  2:08  Queen  
  20  2:10  Zergling x2  
  20  2:14  Queen  
  25  2:18  Metabolic Boost, Evolution Chamber  
  25  2:21  Drone x3  
  27  2:23  Drone  
  28  2:31  Drone  
  28  2:33  Overlord  
  29  2:39  Zergling x2  
  30  2:51  Zergling x4  
  32  2:55  Queen  
  32  2:56  Drone  
  35  3:00  Zerg Melee Weapons Level 1  
  35  3:01  Overlord  
  35  3:06  Drone  
  35  3:10  Drone  
  37  3:16  Drone  
  38  3:22  Drone x4  
  38  3:25  Overlord  
  42  3:30  Drone x2  
  44  3:36  Drone x2  
  44  3:39  Lair  
  46  3:58  Drone  
  46  3:59  Drone x2, Extractor  
  46  4:00  Drone  
  46  4:01  Extractor  
  46  4:02  Drone  
  49  4:03  Drone  
  49  4:04  Hatchery  
  49  4:08  Zergling x4  
  49  4:09  Zergling x2  
  51  4:21  Zergling x6  
  54  4:37  Extractor  
  53  4:38  Drone x2  
  53  4:39  Drone  
  53  4:40  Drone x2, Infestation Pit  
  57  4:53  Drone x3  
  57  4:54  Zerg Ground Armor Level 1  
  57  4:56  Overlord x2  
  57  5:16  Zergling x10  
  56  5:24  Zergling x4  
  56  5:25  Queen  
  46  5:40  Zergling x2  
  46  5:41  Zergling x12  
  39  5:53  Zergling x6  
  37  5:58  Zergling x8  
  36  6:15  Zergling x10  
  32  6:36  Zergling x2  
  32  6:37  Zergling x14  
  38  6:44  Zergling x4  
  38  6:52  Zergling x8  
  42  6:56  Zergling x8  
  46  7:07  Drone x3  
  38  7:26  Zergling x10  
  38  7:27  Zergling x2  
  35  7:33  Zergling x4  
  36  7:40  Zergling x6  
  32  7:59  Zergling x14  
  35  8:07  Zergling x4  
  37  8:13  Zergling x6  
  37  8:18  Zergling x2  
  35  8:29  Zergling x2  
  35  8:30  Zergling x8  
  23  8:43  Zergling x6  
Tags
 
Add a new tag
Caveats
  • Supply blocks, unpowered buildings, or Contaminate may cause inaccurate times.
  • Supply counts are checked every 10 seconds.